 Dungeon Crawl Stone Soup version 0.31-a0-210-gccc998df9b (webtiles) character file.

Game seed: 6130343615607801496

9266 coffeetime the Skirmisher (level 11, -1/93 HPs)
             Began as a Minotaur Hunter on June 29, 2023.
             Was an Elder of Hepliaklqana.
             Slain by a wyvern (13 damage)
             ... on level 10 of the Dungeon.
             The game lasted 00:45:24 (10282 turns).

coffeetime the Skirmisher (Minotaur Hunter)        Turns: 10282, Time: 00:45:24

Health: -1/93      AC: 16    Str: 18    XL:     11   Next: 20%
Magic:  12/12      EV:  9    Int:  6    God:    Hepliaklqana [****..]
Gold:   418        SH:  0    Dex: 16    Spells: 10/10 levels left

rFire   . . .        F - +0 orcbow
rCold   . . .        (shield currently unavailable)
rNeg    . . .        A - +0 chain mail {Will+}
rPois   .            x - +2 hat {Will+}
rElec   +            N - +0 cloak
rCorr   .            m - +0 pair of gloves
SInv    .            h - +0 pair of boots
Will    ++...        (no amulet) Stlth
                     (no ring)
HPRegen 0.35/turn    (no ring)
MPRegen 0.13/turn

%: no passive effects
@: no status effects
A: reduced essence, horns 2, retaliatory headbutt, hooves 1, electricity
resistance
a: Renounce Religion, Recall Ancestor, Ancestor Identity, Transference, Idealise


You were on level 10 of the Dungeon.
You worshipped Hepliaklqana.
Hepliaklqana was greatly pleased with you.
You visited 2 branches of the dungeon, and saw 12 of its levels.
You also visited: Ossuary.

You collected 550 gold pieces.
You spent 132 gold pieces at shops.

Inventory:

Hand Weapons
 w - a +2 vampiric dagger
 F - a +0 orcbow (weapon)
 I - a +2 spear of venom
Missiles
 d - a throwing net
 r - 46 poisoned darts
Armour
 h - a +0 pair of boots (worn)
 m - a +0 pair of gloves (worn)
 x - a +2 hat of willpower (worn)
 A - a +0 chain mail of willpower (worn)
 H - a +2 scale mail of positive energy
 N - a +0 cloak (worn)
Jewellery
 q - a ring of ice
 B - a ring of ice
 G - a +4 ring of protection
Wands
 a - a wand of acid (10)
 L - a wand of charming (7)
 M - a wand of flame (25)
 Q - a wand of iceblast (8)
Scrolls
 b - a scroll of butterflies
 c - 2 scrolls of poison
 f - 3 scrolls of amnesia
 g - 3 scrolls of fear
 i - 3 scrolls of immolation {unknown}
 j - 2 scrolls of revelation {unknown}
 k - a scroll of enchant weapon {unknown}
 o - a scroll of torment {unknown}
 p - 4 scrolls of vulnerability
 s - 2 scrolls of summoning {unknown}
 t - 3 scrolls of teleportation
 u - 3 scrolls of fog
 z - a scroll of silence
 C - a scroll of enchant armour
 K - a scroll of noise {unknown}
 O - 2 scrolls of identify
Potions
 e - 4 potions of mutation
 l - 2 potions of haste
 n - a potion of brilliance {unknown}
 v - a potion of heal wounds
 D - 2 potions of curing {unknown}
 E - 2 potions of lignification {unknown}
 J - a potion of might {unknown}
 P - a potion of resistance {unknown}
 R - 2 potions of magic {unknown}


   Skills:
 * Level 11.9 Fighting
 + Level 13.2 Ranged Weapons
 - Level 7.0 Armour
 + Level 3.6 Dodging
 * Level 4.5 Stealth
 - Level 3.1 Invocations


You had 10 spell levels left.
You didn't know any spells.
Your spell library contained the following spells:

 Spells                   Type           Power      Damage    Failure   Level
 Volatile Blastmotes      Fire/Tloc      0%         2d10      100%        3
 Fulminant Prism          Conj/Hex       0%         3d5       100%        4
 Iskenderun's Mystic Bla  Conj/Tloc      0%         2d3       100%        4
 Lee's Rapid Deconstruct  Erth           0%         3d4*      100%        5


Dungeon Overview and Level Annotations

Branches:
Dungeon (11/15)            Temple (1/1) D:5             Orc (0/2) D:10
Ossuary (visited)
   Lair: D:8-11

Altars:
Ashenzari
Cheibriados
Dithmenos
Elyvilon
Fedhas
Gozag
Hepliaklqana
Kikubaaqudgha
Makhleb
Nemelex Xobeh
Okawaru
Qazlal
Ru
Sif Muna
Trog
Uskayaw
Vehumet
Wu Jian
Xom
Yredelemnul
Zin
The Shining One

Shops:
D:3 [   D:5 !   D:7 [

Portals:
Trove: D:11 (give 14 scrolls of teleportation)

Annotations:
D:3 1 runed translucent door, Pokonic1's ghost, amateur GrMo
D:8 1 runed translucent door, Tollund's ghost, novice DjFE
D:10 4 transporters


Innate Abilities, Weirdness & Mutations

Your life essence is reduced to manifest your ancestor. (-10% HP)
You have a pair of horns on your head.
You reflexively headbutt those who attack you in melee.
You have large cloven feet.
You are resistant to electric shocks. (rElec)


Message History

HP restored.
You climb downwards.
The howler monkey howls!
The wyvern bites you!
The shadow slips into darkness.
The shadow flickers and vanishes!
Deactivating autopickup; reactivate with Ctrl-A.
The wyvern bites you.
There is a stone staircase leading up here.
The wyvern bites you.
The shadow strikes at you from the darkness!
Reactivating autopickup.
Mettia barely misses the shadow.
The wyvern bites you.
You climb upwards.
Level annotation: 4 transporters
There is a stone staircase leading down here.
Mettia hits the shadow with a +0 quarterstaff!
The wyvern bites you! The shadow attacks as you move away!
The shadow barely misses you. The wyvern attacks as you move away!
The wyvern bites you but does no damage.
The wyvern bites you. The wyvern attacks as you move away!
The wyvern bites you. The wyvern bites you.
Mettia points at the shadow and mumbles some strange words.
The stone arrow misses the shadow.
The wyvern bites you!
* * * LOW HITPOINT WARNING * * *
The shadow attacks as you move away! The shadow hits you.
The shadow attacks as you move away! The shadow hits you.
The wyvern barely misses you. The shadow attacks as you move away!
The shadow hits you. The wyvern attacks as you move away! The wyvern bites you!
* * * LOW HITPOINT WARNING * * *
Mettia casts a spell at the shadow.
The stone arrow hits the shadow!!
The shadow is destroyed!
The wyvern bites you.
* * * LOW HITPOINT WARNING * * *
The wyvern bites you!
You die...

#########################
........................#
#..................####.#
#..................# #.#
#...........R......####.#
.........####..l@.......#
....>.........####.)....#
####'########## #.####.#
.......# #......#
.......# #......#
.##....# #......#
.##....####### #......#
.##....##....#####.###..#
.......##........#.###..#


You could see the friendly Mettia the battlemage and a wyvern (ally target).

Vanquished Creatures
  A two-headed ogre (D:10)
  A wraith (D:10)
  10 yaks
  Eustachio (D:5)
  3 wyverns
  A basilisk (D:8)
  Menkaure (D:7)
  A water moccasin (D:4)
  2 orc warriors
  2 ice beasts
  A black bear (D:5)
  A sky beast (D:8)
  An ogre (D:4)
  A centaur (D:5)
  A phantom (D:5)
  4 kobold brigands
  A scorpion (D:7)
  4 wights
  3 killer bees
  A gnoll bouda (D:6)
  2 centaur zombies (Ossuary)
  A hound (D:5)
  2 jellies (D:5)
  An orc priest (D:8)
  An iguana (D:4)
  A sleepcap (D:6)
  5 orc wizards
  6 mummies (Ossuary)
  6 adders
  6 gnolls
  A white imp (D:6)
  An ufetubus (D:5)
  2 adder zombies (Ossuary)
  3 worms
  30 orcs
  5 ball pythons
  9 endoplasms
  5 giant cockroaches
  5 goblins
  6 hobgoblins
  7 jackals (D:2)
  22 kobolds
  5 quokkas
  3 bats
  A frilled lizard (D:3)
  3 hobgoblin zombies (Ossuary)
  3 kobold zombies (Ossuary)
  A quokka zombie (Ossuary)
  6 rats
  3 rat zombies (Ossuary)
193 creatures vanquished.

Vanquished Creatures (collateral kills)
  A two-headed ogre (D:8)
  A cyclops (D:11)
  Joseph (D:7)
  A gargoyle (D:10)
  2 shadows
  A wyvern (D:8)
  2 yaks
  A steam dragon (D:9)
  A black bear (D:6)
  A sky beast (D:6)
  A centaur (D:6)
  3 kobold brigands (D:8)
  A gnoll sergeant (D:6)
  4 wights
  8 killer bees
  4 howler monkeys
  2 centaur zombies (Ossuary)
  An orc priest (D:8)
  3 orc wizards
  An ogre zombie (Ossuary)
  A mummy (Ossuary)
  7 gnolls
  A white imp (D:8)
  4 adder zombies (Ossuary)
  5 orcs
  3 hobgoblin zombies (Ossuary)
  7 kobolds
  3 kobold zombies (Ossuary)
  An orc zombie (Ossuary)
  2 rat zombies (Ossuary)
74 creatures vanquished.

Vanquished Creatures (others)
  6 battlemagi
  3 ancestors
9 creatures vanquished.

Grand Total: 276 creatures vanquished

Notes
Turn   | Place    | Note
-------+----------+-------------------------------------------
     0 | D:1      | coffeetime the Minotaur Hunter began the quest for the Orb.
     0 | D:1      | Reached XP level 1. HP: 18/18 MP: 0/0
   195 | D:1      | Reached XP level 2. HP: 20/25 MP: 1/1
   597 | D:2      | Reached skill level 5 in Ranged Weapons
   650 | D:2      | Reached XP level 3. HP: 30/30 MP: 2/2
   733 | D:2      | Reached skill level 1 in Armour
   894 | D:2      | Reached XP level 4. HP: 17/37 MP: 3/3
  1233 | D:3      | Found Kenever's Armour Boutique.
  1376 | D:3      | Found an ornate altar of the Wu Jian Council.
  1467 | D:3      | Found a shimmering blue altar of Sif Muna.
  1471 | D:3      | Reached skill level 6 in Ranged Weapons
  1480 | D:3      | Found a glowing silver altar of Zin.
  1748 | D:3      | Found a runed translucent door.
  1748 | D:3      | Noticed Pokonic1's ghost (amateur GrMo)
  1873 | D:3      | Found a faded altar of an unknown god.
  2094 | D:3      | Reached XP level 5. HP: 43/44 MP: 4/4
  2200 | D:3      | Bought a +0 hat of willpower for 132 gold pieces
  2351 | D:4      | Noticed an ogre
  2543 | D:4      | Identified the +3 leather armour of Roita {*Slow rElec
                  | Int+4 Stlth+}
  2574 | D:5      | Entered Level 5 of the Dungeon
  2615 | D:5      | Found Seonash's Distillery.
  2641 | D:5      | Noticed Eustachio
  2665 | D:5      | Killed Eustachio
  2666 | D:5      | Reached skill level 7 in Ranged Weapons
  2666 | D:5      | Reached XP level 6. HP: 25/51 MP: 5/5
  2786 | D:5      | Found a staircase to the Ecumenical Temple.
  2791 | Temple   | Entered the Ecumenical Temple
  2827 | Temple   | Became a worshipper of Hepliaklqana the Forgotten
  2949 | D:5      | Reached XP level 7. HP: 21/58 MP: 6/6
  3123 | D:5      | Reached skill level 8 in Ranged Weapons
  3792 | D:4      | HP: 3/60 [poisoned by a water moccasin]
  3793 | D:4      | Gained mutation: You are resistant to electric shocks.
                  | (rElec) [potion of mutation]
  3793 | D:4      | Gained mutation: You have large cloven feet. [potion of
                  | mutation]
  4665 | D:6      | Reached * piety under Hepliaklqana
  4671 | D:6      | Reached skill level 5 in Fighting
  4671 | D:6      | Reached XP level 8. HP: 33/61 MP: 7/7
  4673 | D:6      | Reached skill level 9 in Ranged Weapons
  4673 | D:6      | Reached skill level 5 in Armour
  4716 | D:6      | Found a sand-covered staircase.
  4754 | Ossuary  | Entered an ossuary
  5278 | D:6      | Found a shadowy altar of Dithmenos.
  5666 | D:5      | Reached skill level 10 in Ranged Weapons
  5721 | D:6      | Reached ** piety under Hepliaklqana
  5722 | D:6      | Remembered your ancestor Mettia as a battlemage
  5812 | D:6      | Found an iron altar of Okawaru.
  6238 | D:7      | Reached XP level 9. HP: 53/70 MP: 8/8
  6309 | D:7      | Noticed Menkaure
  6313 | D:7      | Killed Menkaure
  6314 | D:7      | Noticed Joseph
  6319 | D:7      | Killed Joseph
  6320 | D:7      | Reached skill level 11 in Ranged Weapons
  6351 | D:7      | Found an ancient bone altar of Kikubaaqudgha.
  6403 | D:7      | Found a basalt altar of Yredelemnul.
  6458 | D:7      | Found a blossoming altar of Fedhas.
  6467 | D:7      | Found Vikaanez's Armour Boutique.
  6609 | D:8      | Reached skill level 12 in Ranged Weapons
  6655 | D:8      | Noticed Tollund's ghost (novice DjFE)
  6716 | D:8      | Identified the +0 helmet of Seruyf {rN++}
  6732 | D:8      | Reached skill level 1 in Stealth
  6732 | D:8      | Reached skill level 1 in Invocations
  7061 | D:8      | Noticed a two-headed ogre
  7065 | D:8      | Killed a two-headed ogre
  7066 | D:8      | Reached XP level 10. HP: 81/81 MP: 9/11
  7164 | D:8      | Found a runed translucent door.
  7486 | D:8      | Reached *** piety under Hepliaklqana
  7701 | D:8      | Found a radiant altar of Vehumet.
  7706 | D:8      | Found a bloodstained altar of Trog.
  7988 | D:9      | Reached skill level 10 in Fighting
  8192 | D:9      | Noticed a cyclops
  8358 | D:9      | Found a glowing golden altar of the Shining One.
  8424 | D:9      | Found a hide-covered altar of Uskayaw.
  8481 | D:9      | You fall into a shaft and drop 1 floor!
  8481 | D:10     | Entered Level 10 of the Dungeon
  8751 | D:10     | Found a transporter.
  8815 | D:10     | Noticed a two-headed ogre
  8823 | D:10     | Killed a two-headed ogre
  8884 | D:10     | Found a staircase to the Orcish Mines.
  8962 | D:10     | Found a transporter.
  8975 | D:10     | Found a transporter.
  8977 | D:10     | Found a transporter.
  9620 | D:11     | Found a portal to a secret trove of treasure.
  9634 | D:11     | Reached XP level 11. HP: 63/91 MP: 12/12
  9721 | D:11     | Reached skill level 13 in Ranged Weapons
  9772 | D:11     | Reached **** piety under Hepliaklqana
  9802 | D:11     | Noticed a boulder beetle
  9999 | D:10     | HP: 4/93 [poisoned by a gargoyle]
 10003 | D:10     | HP: 1/93 [poisoned by a gargoyle]
 10282 | D:10     | Slain by a wyvern

Illustrated notes

Levels and vault maps discovered:
D:1:      dpeg_arrival_round_a, layout_rooms, chequers_decorated_corner
D:2:      layout_rooms, chequers_serial_rivers_micro_d,
          minmay_misc_feat_ornament, dreamdust_mushroom_princess
D:3:      kennysheep_big_flooded_room, layout_basic,
          nicolae_wu_jian_glorious_leap, nicolae_overflow_squiral,
          gammafunk_ghost_grave, serial_shops, shop,
          dilly_ecumenical_altar_fadedgnrine, minmay_misc_feat_cross,
          minmay_circle_x
D:4:      layout_cave_pools
D:5:      layout_cave_pools, temple_doors_e, serial_shops,
          nicolae_shop_industrial_runoff, uniq_eustachio
D:6:      layout_rooms, kennysheep_okawaru_gauntlet,
          grunt_dithmenos_smoke_and_mirrors,
          nicolae_ossuary_entry_false_entrances, nicolae_grassy_gnolls
D:7:      layout_rooms, fedhas_altar_decomposition, lemuel_doored_altar,
          nicolae_overflow_crystal_walls, serial_shops, nicolae_stop_n_shop_2,
          chequers_avenue, nicolae_elevator_lobby_plus, uniq_joseph,
          uniq_maggie, uniq_menkaure, uniq_crazy_yiuf_cottage
D:8:      cheibrodos_quashed, layout_layer_cave, mainiacjoe_overflow_big_doors,
          hellmonk_ghost_big_iron, minmay_quadrilaterals
D:9:      minmay_inner_zag, layout_irregular_city, mainiacjoe_overflow_24_doors,
          mainiacjoe_overflow_chevrons
D:10:     layout_stronghold, orc_0_dummy, nicolae_diode_intersection
D:11:     layout_rooms, enter_trove_2, onia_ninara_cookie, uniq_snorg
Temple:   nicolae_temple_ecumenical_triangle

Skill      XL: |  1  2  3  4  5  6  7  8  9 10 11 |
---------------+----------------------------------+-----
Ranged Weapons | 5 6 7 8 10 12 13 | 13.2
Armour         | 1 2 3 4 5 7 |  7.0
Fighting       | 3 5 6 9 11 | 11.9
Dodging        | 3 |  3.6
Stealth        | 1 4 |  4.5
Invocations    | 3 |  3.1

Action                     |  1- 3 |  4- 6 |  7- 9 | 10-12 || total
---------------------------+-------+-------+-------+-------++-------
   Fire: Shortbow          |    96 |   190 |   275 |       ||   561
         Orcbow            |       |       |   129 |   228 ||   357
 Invoke: Ancestor Life: Ba |       |       |     1 |       ||     1
         Recall Ancestor   |       |       |       |     1 ||     1
    Use: Scroll            |       |     3 |    10 |     1 ||    14
         Potion            |       |       |     4 |     3 ||     7
 Armour: Scale mail        |    33 |    52 |    18 |       ||   103
         Chain mail        |       |       |   101 |    67 ||   168
  Dodge: Dodged            |    39 |    61 |   118 |    66 ||   284

Table legend: (Time is in decaauts)
 A = Elapsed time spent in this place.
 B = Non-inter-level travel time spent in this place.
 C = Inter-level travel time spent in this place.
 D = Time resting spent in this place.
 E = Time spent auto-exploring this place.
 F = Levels seen in this place.
 G = Mean time per level.
                   A        B        C        D        E       F      G
               +--------+--------+--------+--------+--------+-----+--------+
         Total |  10512 |   9517 |    995 |   1559 |   5142 |  13 |  808.6 |
       Dungeon |   9964 |   9009 |    955 |   1559 |   5142 |  11 |  905.8 |
        Temple |     49 |      9 |     40 |      0 |      0 |   1 |   49.0 |
       Ossuary |    497 |    497 |      0 |      0 |      0 |   1 |  497.0 |
               +--------+--------+--------+--------+--------+-----+--------+

Top non-repeatable levels by time:
    D:10: 1556 daAuts
     D:8: 1494 daAuts
     D:4: 1373 daAuts
     D:5: 1186 daAuts
     D:3: 1111 daAuts
     D:6: 777 daAuts
     D:1: 657 daAuts
     D:2: 591 daAuts
     D:7: 526 daAuts
 Ossuary: 497 daAuts
     D:9: 421 daAuts
    D:11: 268 daAuts
  Temple: 49 daAuts
